 Dungeon Crawl Stone Soup version 0.28-a0-1506-g3893175d92 (webtiles) character file.

Game seed: 5514776145262288625

9328 knot the Cleaver (level 11, 0/112 HPs)
             Began as a Demonspawn Berserker on Jan 14, 2022.
             Was an Elder of Trog.
             Slain by an orc warrior (6 damage)
             ... on level 10 of the Dungeon.
             The game lasted 00:21:38 (13414 turns).

knot the Cleaver (Demonspawn Berserker)            Turns: 13414, Time: 00:21:38

Health: 0/112      AC: 14    Str: 24    XL:     11   Next: 21%
Magic:  0/21       EV: 11    Int: 17    God:    Trog [****..]
Gold:   1398       SH:  4    Dex: 12    Spells: 10/10 levels left

rFire   + + .      SeeInvis .   F - +6 flail of Freezing Defence {speed, rF+ Str+5}
rCold   + . .      Faith    .   k - +1 buckler {rC+}
rNeg    . . .      Spirit   +   m - +0 steam dragon scales
rPois   .          Reflect  .   i - +3 hat of Pondering {ponderous, Will+ MP+10 Int+5}
rElec   .          Harm     .   e - +0 cloak
rCorr   .          Rampage  .   J - +2 pair of gloves
Will    ++...                   (no boots)
Stlth   ..........              G - amulet of magic regeneration
HPRegen 0.28/turn               t - ring of willpower
MPRegen 0.74/turn               v - ring of protection from fire

@: berserking, very quick
A: yellow scales 1, magic shield, magic regeneration, demonic touch 1
a: Renounce Religion, Berserk, Trog's Hand, Brothers in Arms


You were on level 10 of the Dungeon.
You worshipped Trog.
Trog was greatly pleased with you.
You visited 2 branches of the dungeon, and saw 11 of its levels.

You collected 1398 gold pieces.

Inventory:

Hand Weapons
 a - a +1 hand axe
 F - the +6 flail of Freezing Defence (weapon) {speed, rF+ Str+5}
   (You found it on level 5 of the Dungeon)

   Attacks with this weapon are significantly faster.
   Str:       It affects your strength (+5).
   rF:        It protects you from fire.
 L - a +0 dagger
Missiles
 b - 268 stones
 d - 89 sling bullets
 j - 2 boomerangs (quivered)
 z - a throwing net
 C - 23 poisoned darts
 E - 6 silver boomerangs
 I - 2 atropa-tipped darts
Armour
 e - a +0 cloak (worn)
 i - the +3 hat of Pondering (worn) {ponderous, Will+ MP+10 Int+5}
   (You took it off Gastronok on level 9 of the Dungeon)

   Int:       It affects your intelligence (+5).
   MP:        It affects your magic capacity (+10).
   Will:      It increases your willpower.
 k - a +1 buckler of cold resistance (worn)
 m - +0 steam dragon scales (worn)
 r - a +2 robe of fire resistance
 J - a +2 pair of gloves (worn)
Jewellery
 h - a ring of flight
 t - a ring of willpower (left hand)
 v - a ring of protection from fire (right hand)
 G - an amulet of magic regeneration (around neck)
Wands
 l - a wand of paralysis (1)
 O - a wand of flame (6)
 P - a wand of mindburst (7)
Scrolls
 c - a scroll of immolation
 n - a scroll of holy word
 q - 2 scrolls of fear
 y - a scroll of identify
 B - 3 scrolls of teleportation
 H - a scroll of magic mapping
 M - a scroll of vulnerability
 N - a scroll of blinking
Potions
 f - 2 potions of resistance
 g - 3 potions of might
 o - a potion of mutation {unknown}
 p - 2 potions of degeneration {unknown}
 s - 4 potions of curing
 u - a potion of heal wounds
 w - 2 potions of flight {unknown}
 x - 2 potions of lignification {unknown}
 A - 5 potions of attraction {unknown}
 D - a potion of haste
 K - 2 potions of magic {unknown}


   Skills:
 - Level 3.0 Fighting
 * Level 12.0 Axes
 * Level 11.2 Throwing
 - Level 1.7 Armour
 - Level 1.7 Dodging


You had 10 spell levels left.
You didn't know any spells.
Your spell library contained the following spells:

 Spells                   Type           Power      Damage    Failure   Level
 Sandblast                Erth           0%         2d4       32%         1
 Passwall                 Tmut/Erth      0%         N/A       43%         2
 Dazzling Flash           Conj/Hex       0%         N/A       67%         3
 Frozen Ramparts          Ice            0%         1d2       67%         3
 Stone Arrow              Conj/Erth      0%         3d7       67%         3
 Fulminant Prism          Conj/Hex       0%         3d6       97%         4
 Ice Form                 Ice/Tmut       0%         N/A       97%         4
 Iskenderun's Mystic Bla  Conj/Tloc      0%         2d3       97%         4
 Summon Ice Beast         Ice/Summ       0%         N/A       97%         4
 Agony                    Necr           0%         N/A       100%        5
 Lee's Rapid Deconstruct  Erth           0%         3d5*      100%        5
 Silence                  Hex/Air        0%         N/A       100%        5


Dungeon Overview and Level Annotations

Branches:
Dungeon (10/15)            Temple (1/1) D:6             Orc (0/2) D:10
   Lair: D:8-11

Altars:
Ashenzari
Cheibriados
Dithmenos
Elyvilon
Fedhas
Gozag
Hepliaklqana
Kikubaaqudgha
Makhleb
Nemelex Xobeh
Okawaru
Qazlal
Ru
Sif Muna
Trog
Uskayaw
Vehumet
Wu Jian
Xom
Yredelemnul
Zin
The Shining One

Shops:
D:5 (   D:10 (


Innate Abilities, Weirdness & Mutations

You are partially covered in yellow scales. (AC +2)
When hurt, damage is shared between your health and your magic reserves.
You regenerate magic rapidly.
Your touch may inflict minor irresistible damage on your foes.


Message History

Trog accepts your kill. The wolf bites you but does no damage.
The orc priest hits you but does no damage.
You barely miss the orc priest. The wolf bites you!
* * * LOW HITPOINT WARNING * * *
The orc misses you.
The orc warrior hits you with a +0 battleaxe.
* * * LOW HITPOINT WARNING * * *
The orc priest hits you but does no damage.
The wolf bites you but does no damage.
A red film seems to cover your vision as you go berserk!
You feel yourself moving faster!
You feel mighty! The wolf barely misses you.
The orc hits you but does no damage. The orc warrior barely misses you.
The orc priest closely misses you.
You barely miss the orc priest. The wolf bites you but does no damage.
The orc closely misses you.
You sock the orc priest!
The orc priest is severely wounded.
You block the wolf's attack. The orc warrior closely misses you.
The orc priest looks satisfied for a moment.
You thump the orc priest!
You kill the orc priest!
Trog accepts your kill. The wolf bites you!
* * * LOW HITPOINT WARNING * * *
The orc closely misses you.
Your Axes skill increases to level 12!
You thump the wolf!
The wolf is severely wounded.
The orc warrior hits you with a +0 battleaxe!
* * * LOW HITPOINT WARNING * * *
The wolf bites you but does no damage.
You bludgeon the wolf!!
You kill the wolf!
Trog accepts your kill.
You thump the orc warrior!
The orc warrior is heavily wounded.
The orc barely misses you.
The orc warrior hits you with a +0 battleaxe!
You die...

..... .....
####../......o
#.........>...
##.............
#.........o....
#.)o...........
#.@)...........
####.†o...).....#
#.........<....#
###.#............#
##...##...........#
####.....#.......##..#
##...†....)......##
Y.# #......∩...#######
.# ##..........# .


You could see an orc warrior and an orc.

Vanquished Creatures
  Gastronok (D:9)
  A boulder beetle (D:9)
  A two-headed ogre (D:8)
  Joseph (D:8)
  Maurice (D:9)
  A hornet (D:9)
  Sigmund (D:3)
  A basilisk (D:9)
  A wyvern (D:8)
  6 yaks (D:8)
  4 wraiths (D:9)
  Eustachio (D:5)
  Grum (D:10)
  A water moccasin (D:6)
  3 orc warriors (D:9)
  Duvessa (D:6)
  2 ice beasts (D:5)
  4 sky beasts
  A necrophage (D:7)
  A black bear (D:6)
  4 ogres
  3 wolves
  3 centaurs
  2 phantoms
  3 kobold brigands
  3 bullfrogs
  2 wyvern zombies
  6 scorpions
  Dowan (D:6)
  A water moccasin skeleton (D:7)
  2 howler monkeys
  A centaur zombie (D:9)
  A jelly (D:3)
  4 orc priests
  A centaur skeleton (D:6)
  3 hounds
  3 iguanas (D:5)
  Jessica (D:3)
  Natasha (thrice) (D:4)
  7 orc wizards
  A hound skeleton (D:5)
  3 gnolls (D:6)
  4 howler monkey zombies
  9 adders
  2 ufetubi
  An adder skeleton (D:4)
  4 worms
  A dart slug (D:1)
  29 orcs
  6 endoplasms
  6 giant cockroaches
  14 goblins
  4 hobgoblins
  6 jackals
  16 kobolds
  3 quokkas
  3 ball pythons
  6 bats
  7 frilled lizards
  5 rats
218 creatures vanquished.

Vanquished Creatures (others)
  A fungus (D:3)
1 creature vanquished.

Grand Total: 219 creatures vanquished

Notes
Turn   | Place    | Note
-------+----------+-------------------------------------------
     0 | D:1      | knot the Demonspawn Berserker began the quest for the Orb.
     0 | D:1      | Reached XP level 1. HP: 18/18 MP: 1/1
    58 | D:1      | Reached skill level 3 in Axes
   336 | D:1      | Gained mutation: You regenerate magic rapidly. [demonic
                  | ancestry]
   336 | D:1      | Reached XP level 2. HP: 24/24 MP: 2/2
   942 | D:1      | Gained mutation: Your touch may inflict minor irresistible
                  | damage on your foes. [demonic ancestry]
   942 | D:1      | Reached XP level 3. HP: 29/29 MP: 3/3
  1119 | D:1      | Found a faded altar of an unknown god.
  1360 | D:2      | Reached ** piety under Trog
  1387 | D:2      | Reached skill level 4 in Axes
  2071 | D:2      | Reached XP level 4. HP: 32/35 MP: 4/4
  2097 | D:2      | Reached skill level 1 in Throwing
  2559 | D:3      | Noticed Sigmund
  2570 | D:3      | Killed Sigmund
  2571 | D:3      | Reached skill level 5 in Axes
  2571 | D:3      | Reached XP level 5. HP: 41/41 MP: 5/5
  2671 | D:3      | Reached XP level 6. HP: 43/47 MP: 6/6
  3119 | D:3      | Noticed Jessica
  3123 | D:3      | Killed Jessica
  3606 | D:3      | Found an iron altar of Okawaru.
  4154 | D:4      | Reached XP level 7. HP: 19/52 MP: 7/7
  4589 | D:4      | Reached skill level 6 in Axes
  4688 | D:4      | Reached *** piety under Trog
  4882 | D:4      | Noticed Natasha
  4902 | D:4      | Killed Natasha
  5090 | D:4      | Noticed Natasha
  5098 | D:4      | Killed Natasha
  5182 | D:4      | Noticed Natasha
  5195 | D:4      | Killed Natasha
  5375 | D:5      | Entered Level 5 of the Dungeon
  5742 | D:5      | Reached skill level 5 in Throwing
  5870 | D:5      | Found Oxuihiab's Antique Weapon Boutique.
  5892 | D:5      | Identified the +11 dagger of Foolhardiness {antimagic,
                  | Str+5 Int-4}
  5911 | D:5      | Reached skill level 7 in Axes
  5911 | D:5      | Gained mutation: You are partially covered in yellow
                  | scales. (AC +2) [demonic ancestry]
  5911 | D:5      | Reached XP level 8. HP: 58/58 MP: 8/8
  5979 | D:5      | Noticed Eustachio
  5983 | D:5      | Killed Eustachio
  6448 | D:5      | Reached skill level 8 in Axes
  6747 | D:5      | Identified the +6 flail of Freezing Defence {speed, rF+
                  | Str+5}
  6923 | D:6      | Found a basalt altar of Yredelemnul.
  7121 | D:6      | Reached XP level 9. HP: 59/63 MP: 7/9
  7177 | D:6      | Found a staircase to the Ecumenical Temple.
  7288 | D:6      | Noticed Duvessa
  7288 | D:6      | Noticed Dowan
  7294 | D:6      | Killed Duvessa
  7299 | D:6      | Killed Dowan
  7661 | D:6      | Reached skill level 9 in Axes
  8002 | Temple   | Entered the Ecumenical Temple
  8974 | D:7      | Found a snail-covered altar of Cheibriados.
  9747 | D:8      | Reached skill level 10 in Axes
 10060 | D:8      | Gained mutation: When hurt, damage is shared between your
                  | health and your magic reserves. [demonic ancestry]
 10060 | D:8      | Reached XP level 10. HP: 53/70 MP: 6/10
 10320 | D:8      | Noticed a two-headed ogre
 10329 | D:8      | Killed a two-headed ogre
 10356 | D:8      | Noticed Joseph
 10358 | D:8      | Reached **** piety under Trog
 10374 | D:8      | Killed Joseph
 11137 | D:9      | Paralysed by a hornet for 1 turns
 11143 | D:9      | Reached skill level 10 in Throwing
 11150 | D:9      | Reached skill level 11 in Axes
 11453 | D:9      | Noticed a boulder beetle
 11476 | D:9      | Killed a boulder beetle
 11481 | D:9      | Identified a scroll of acquirement
 11481 | D:9      | Acquired 873 gold pieces
 12197 | D:9      | Found an opulent altar of Gozag.
 12227 | D:9      | Noticed Maurice
 12268 | D:9      | Killed Maurice
 12656 | D:9      | Noticed Gastronok
 12685 | D:9      | Killed Gastronok
 12686 | D:9      | Reached XP level 11. HP: 75/75 MP: 11/11
 13056 | D:10     | Entered Level 10 of the Dungeon
 13056 | D:10     | Found a staircase to the Orcish Mines.
 13368 | D:10     | Found Xevithroism's Weapon Shoppe.
 13386 | D:10     | Noticed Grum
 13406 | D:10     | Killed Grum
 13412 | D:10     | Reached skill level 12 in Axes
 13414 | D:10     | Slain by an orc warrior

Illustrated notes

Levels and vault maps discovered:
D:1:      minmay_arrival_split_and_join, layout_basic,
          ebering_ecumenical_altar_petrified
D:2:      layout_loops_cross
D:3:      layout_loops_ring, mainiacjoe_overflow_chevrons,
          minmay_goblin_outpost, uniq_sigmund, uniq_jessica
D:4:      layout_rooms, minmay_misc_feat_columns, nrook_campfire,
          minmay_misc_feat_alley, uniq_natasha
D:5:      minmay_opposing_rooms, layout_rooms, serial_shops,
          kennysheep_mini_moat, uniq_eustachio
D:6:      layout_basic, mainiacjoe_overflow_catwalk, minmay_temple_entry_glass,
          uniq_duvessa
D:7:      layout_basic, mainiacjoe_overflow_paths, minmay_misc_feat_enclosed
D:8:      layout_loops_cross, uniq_joseph
D:9:      minmay_curly_fans, layout_stronghold,
          nicolae_gozag_cash_rules_everything_around_me, minmay_misc_feat_iff,
          uniq_maurice, uniq_gastronok
D:10:     layout_cave_pods, david_orc_3, serial_shops,
          nicolae_shop_bloodbath_and_beyond, kennysheep_generic_room_13,
          uniq_fannar, uniq_grum
Temple:   regret_index_temple_mists

Skill      XL: |  1  2  3  4  5  6  7  8  9 10 11 |
---------------+----------------------------------+-----
Axes           | 3 4 5 7 8 10 11 12 | 12.0
Throwing       | 2 3 4 5 7 9 11 | 11.2
Fighting       | |  3.0
Armour         | |  1.7
Dodging        | |  1.7

Action                   |  1- 3 |  4- 6 |  7- 9 | 10-12 || total
-------------------------+-------+-------+-------+-------++-------
Melee: Hand axe          |   110 |   138 |   193 |       ||   441
       Touch             |     6 |     7 |       |       ||    13
       Punch             |       |     1 |       |       ||     1
       Flail             |       |       |   156 |   242 ||   398
Throw: Boomerang         |     8 |    18 |    33 |     5 ||    64
       Stone             |       |     3 |     3 |       ||     6
       Dart              |       |     2 |     9 |    12 ||    23
       Throwing net      |       |       |       |     1 ||     1
Invok: Berserk           |     2 |     5 |    12 |     6 ||    25
       Trog's Hand       |       |     1 |       |     1 ||     2
Evoke: Wand              |       |     5 |     6 |     1 ||    12
  Use: Potion            |       |     3 |       |       ||     3
       Scroll            |       |       |       |    12 ||    12
 Stab: Paralysed         |       |     2 |    14 |       ||    16
Armor: Animal skin       |     9 |       |       |       ||     9
       Ring mail         |    25 |    41 |   117 |    39 ||   222
       Steam dragon scal |       |       |       |    76 ||    76
Dodge: Dodged            |    78 |    64 |   148 |   108 ||   398
Block: Buckler           |       |    11 |    46 |    44 ||   101

Table legend: (Time is in decaauts)
 A = Elapsed time spent in this place.
 B = Non-inter-level travel time spent in this place.
 C = Inter-level travel time spent in this place.
 D = Time resting spent in this place.
 E = Time spent auto-exploring this place.
 F = Levels seen in this place.
 G = Mean time per level.
                   A        B        C        D        E       F      G
               +--------+--------+--------+--------+--------+-----+--------+
         Total |  13618 |  12820 |    798 |   4773 |   6201 |  11 | 1238.0 |
       Dungeon |  13480 |  12701 |    779 |   4773 |   6098 |  10 | 1348.0 |
        Temple |    137 |    118 |     19 |      0 |    103 |   1 |  137.0 |
               +--------+--------+--------+--------+--------+-----+--------+

Top non-repeatable levels by time:
     D:9: 2143 daAuts
     D:3: 1949 daAuts
     D:5: 1541 daAuts
     D:6: 1538 daAuts
     D:8: 1411 daAuts
     D:1: 1369 daAuts
     D:7: 1275 daAuts
     D:2: 1113 daAuts
     D:4: 1092 daAuts
  Temple: 137 daAuts
    D:10: 46 daAuts
